 Dungeon Crawl Stone Soup version 0.29.1-2-gbd0b4ee654 (webtiles) character file.

Game seed: 4367880469424960815

68 MrSixtyFour the Poker (level 4, 0/41 HPs)
             Began as a Gnoll Cinder Acolyte on Nov 25, 2022.
             Was a High Priest of Ignis.
             Slain by an orc
             ... wielding a +0 short sword
              (1 damage)
             ... on level 4 of the Dungeon.
             The game lasted 00:08:53 (2027 turns).

MrSixtyFour the Poker (Gnoll Cinder Acolyte)        Turns: 2027, Time: 00:08:55

Health: 0/41       AC:  2    Str: 13    XL:     4   Next: 19%
Magic:  8/8        EV: 11    Int: 13    God:    Ignis [*****.]
Gold:   20         SH:  0    Dex: 10    Spells: 7/9 levels left

rFire   + . .      SeeInvis .   a - -1 spear (flame)
rCold   . . .      Faith    .   (no shield)
rNeg    . . .      Spirit   .   b - +0 robe
rPois   .          Reflect  .   (no helmet)
rElec   .          Harm     .   (no cloak)
rCorr   .          Rampage  .   (no gloves)
Will    .....                   (no boots)
Stlth   +.........              (no amulet)
HPRegen 0.13/turn               (no ring)
MPRegen 0.11/turn               (no ring)

@: no status effects
A: fangs 1, strong nose, distributed training
a: Renounce Religion, Fiery Armour, Foxfire Swarm, Rising Flame


You were on level 4 of the Dungeon.
You worshipped Ignis.
Ignis was extremely pleased with you.
You visited 1 branch of the dungeon, and saw 3 of its levels.

You collected 20 gold pieces.

Inventory:

Hand Weapons
 a - a -1 spear of flaming (weapon)
Armour
 b - a +0 robe (worn)
Scrolls
 c - 2 scrolls of enchant armour
 f - a scroll of vulnerability {unknown}
 g - a scroll of butterflies {unknown}
Potions
 h - a potion of haste {unknown}
 i - a potion of heal wounds {unknown}


   Skills:
 + Level 6.6 Fighting
 + Level 1.1 Short Blades
 + Level 1.1 Long Blades
 + Level 1.1 Axes
 + Level 1.1 Maces & Flails
 + Level 6.6 Polearms
 + Level 1.1 Staves
 + Level 1.1 Ranged Weapons
 + Level 1.1 Throwing
 + Level 1.1 Armour
 + Level 1.1 Dodging
 + Level 1.1 Stealth
 + Level 1.1 Shields
 + Level 1.1 Unarmed Combat
 + Level 3.0 Spellcasting
 + Level 0.8 Conjurations
 + Level 0.8 Hexes
 + Level 0.8 Summonings
 + Level 0.8 Necromancy
 + Level 0.8 Translocations
 + Level 0.8 Transmutations
 + Level 5.4 Fire Magic
 + Level 0.8 Ice Magic
 + Level 0.8 Air Magic
 + Level 0.8 Earth Magic
 + Level 0.8 Poison Magic
 + Level 1.2 Invocations
 + Level 1.1 Evocations


You had 7 spell levels left.
You knew the following spells:

 Your Spells              Type           Power      Damage    Failure   Level
a - Scorch                Fire           32%        2d7       3%          2

Your spell library contained the following spells:

 Spells                   Type           Power      Damage    Failure   Level


Dungeon Overview and Level Annotations

Branches:
Dungeon (2/15)

Altars:

Shops:
D:1 :

Annotations:
D:4 Edmund, Sigmund


Innate Abilities, Weirdness & Mutations

You have very sharp teeth.
Your uncanny sense of smell can sniff out nearby items.
Your experience applies equally to all skills.


Message History

You kill the gnoll!
Your Spellcasting skill increases to level 3!
Unknown command.
You see here a +0 flail.
You start resting.
HP restored.
You start waiting.
Done waiting.
There is a stone staircase leading down here.
You climb downwards.
There is a stone staircase leading up, spattered with blood here.
A sourceless malevolence fills the Dungeon...
You fall into a shaft and drop 2 floors!
The shaft crumbles and collapses.
Edmund the Younger comes into view.
He is wielding a +2 vorpal flail.
Edmund shouts!
Edmund says, "People think my brother is the best.
I think he's crazy."
Edmund barely misses you. Edmund attacks as you move away! Edmund misses you.
Edmund hits you with a +2 vorpal flail!
Found a flail.
Edmund attacks as you move away! Edmund misses you.
An orc comes into view. It is wielding a +0 short sword.
The orc shouts!
You hear a shout!
Edmund attacks as you move away! Edmund hits you with a +2 vorpal flail!
Sigmund the Dreaded comes into view.
He is wielding a +0 scythe.
An orc comes into view. It is wielding a +0 dagger.
Found a scythe.
Edmund hits you with a +2 vorpal flail!
* * * LOW HITPOINT WARNING * * *
x2 The orc moves out of view.
It was a potion of magic.
Magic courses through your body. Edmund hits you with a +2 vorpal flail.
* * * LOW HITPOINT WARNING * * *
x2
Okay, then.
You aren't wearing any rings or amulets.
As you read the scroll labelled FIJIBR QANGUME, it crumbles to dust.
It is a scroll of identify.
c - 2 scrolls of enchant armour The orc hits you with a +0 short sword.
You die...

. ........
#....... #.......
∆ ..o... ∆
#######..#########
#)...@o..........#
∆
##...@.......#...
#.........#)##.#
#..######.###..#
#.. #~........#
#.@ #~.....#..#
### ########### ∆


You could see Edmund and 2 orcs.

Vanquished Creatures
  3 gnolls
  2 adders
  A dart slug (D:1)
  A bat (D:1)
  3 endoplasms
  3 goblins
  A quokka (D:1)
  A ball python (D:1)
  4 frilled lizards
  A kobold (D:1)
  4 rats
24 creatures vanquished.

Notes
Turn   | Place    | Note
-------+----------+-------------------------------------------
     0 | D:1      | MrSixtyFour the Gnoll Cinder Acolyte began the quest for
                  | the Orb.
     0 | D:1      | Reached XP level 1. HP: 23/23 MP: 4/4
   367 | D:1      | Found Jipat's Book Emporium.
   419 | D:1      | Reached XP level 2. HP: 27/29 MP: 5/5
   422 | D:1      | Learned a level 2 spell: Scorch
   943 | D:2      | Reached XP level 3. HP: 31/35 MP: 7/7
  1124 | D:2      | Reached skill level 1 in Invocations
  1399 | D:1      | Reached skill level 1 in Short Blades
  1399 | D:1      | Reached skill level 1 in Long Blades
  1399 | D:1      | Reached skill level 1 in Axes
  1399 | D:1      | Reached skill level 1 in Maces & Flails
  1399 | D:1      | Reached skill level 1 in Staves
  1399 | D:1      | Reached skill level 1 in Ranged Weapons
  1399 | D:1      | Reached skill level 1 in Throwing
  1399 | D:1      | Reached skill level 1 in Armour
  1399 | D:1      | Reached skill level 1 in Dodging
  1399 | D:1      | Reached skill level 1 in Stealth
  1399 | D:1      | Reached skill level 1 in Shields
  1399 | D:1      | Reached skill level 1 in Unarmed Combat
  1399 | D:1      | Reached skill level 1 in Evocations
  1427 | D:1      | Reached XP level 4. HP: 24/41 MP: 8/8
  2007 | D:2      | You fall into a shaft and drop 2 floors!
  2011 | D:4      | Noticed Edmund
  2023 | D:4      | Noticed Sigmund
  2026 | D:4      | HP: 2/41 [Edmund/+2 vorpal flail (3)]
  2027 | D:4      | Slain by an orc

Illustrated notes

Levels and vault maps discovered:
D:1:      minmay_arrival_wavy_path, layout_loops_ring, serial_shops, shop
D:2:      wad_crossroads, layout_basic, fountainhead, uniq_crazy_yiuf_cottage,
          uniq_natasha
D:4:      layout_basic, grunt_temple_overflow_cloverleaf,
          hangedman_abyss_or_decor_lesser_grid, sigmund_edmund_badplayer

Skill      XL: |  1  2  3  4 |
---------------+-------------+-----
Invocations    | 1 |  1.2
Short Blades   | 1 |  1.1
Long Blades    | 1 |  1.1
Axes           | 1 |  1.1
Maces & Flails | 1 |  1.1
Staves         | 1 |  1.1
Ranged Weapons | 1 |  1.1
Throwing       | 1 |  1.1
Armour         | 1 |  1.1
Dodging        | 1 |  1.1
Stealth        | 1 |  1.1
Shields        | 1 |  1.1
Unarmed Combat | 1 |  1.1
Evocations     | 1 |  1.1
Spellcasting   | 3 |  3.0
Fighting       | |  6.6
Polearms       | |  6.6
Conjurations   | |  0.8
Hexes          | |  0.8
Summonings     | |  0.8
Necromancy     | |  0.8
Translocations | |  0.8
Transmutations | |  0.8
Fire Magic     | |  5.4
Ice Magic      | |  0.8
Air Magic      | |  0.8
Earth Magic    | |  0.8
Poison Magic   | |  0.8

Action                   |  1- 3 |  4- 6 || total
-------------------------+-------+-------++-------
Melee: Spear             |    76 |     5 ||    81
       Bite              |     6 |     1 ||     7
       Punch             |     2 |       ||     2
 Cast: Scorch            |     5 |       ||     5
  Use: Scroll            |       |     1 ||     1
       Potion            |       |     1 ||     1
 Stab: Sleeping          |     1 |       ||     1
Armor: Robe              |    16 |       ||    16
Dodge: Dodged            |    35 |     5 ||    40
